 Dungeon Crawl Stone Soup version 0.21.1-1-g345015fe64 (webtiles) character file.

590 Ivernyr the Ogre Mage (level 7, -8/70 HPs)
             Began as an Ogre Wizard on May 9, 2018.
             Was an Initiate of Sif Muna.
             Mangled by an unseen horror (10 damage)
             ... on level 5 of the Dungeon on May 10, 2018.
             The game lasted 00:37:28 (6623 turns).

Ivernyr the Ogre Mage (Ogre Wizard)                 Turns: 6623, Time: 00:37:28

Health: -8/70      AC:  4    Str: 12    XL:     7   Next: 39%
Magic:  2/14       EV: 13    Int: 21    God:    Sif Muna [......]
Gold:   123        SH:  0    Dex:  7    Spells: 7/16 levels left

rFire    . . .     SeeInvis .   (no weapon)
rCold    . . .     Gourm    .   (no shield)
rNeg     . . .     Faith    .   a - +0 robe
rPois    .         Spirit   .   (helmet restricted)
rElec    .         Reflect  .   i - +0 cloak
rCorr    +         Harm     .   (gloves unavailable)
MR       .....                  (boots unavailable)
Stlth    +.........             (no amulet)
HPRegen  0.21/turn              e - +3 ring of evasion
MPRegen  0.14/turn              m - ring of resist corrosion

@: no status effects
A: large, unfitting armour, tough skin 1
a: Renounce Religion


You were on level 5 of the Dungeon.
You worshipped Sif Muna.
Sif Muna was noncommittal.
You were not hungry.

You visited 1 branch of the dungeon, and saw 5 of its levels.

You collected 123 gold pieces.

Inventory:

Armour
 a - a +0 robe (worn)
 h - a +0 shield
 i - a +0 cloak (worn)
Jewellery
 e - a +3 ring of evasion (left hand)
 m - a ring of resist corrosion (right hand)
Scrolls
 g - 4 scrolls of teleportation {unknown}
 j - a scroll of fog {unknown}
 k - a scroll of blinking {unknown}
 l - a scroll of magic mapping {unknown}
 n - a scroll of fear {unknown}
 o - 3 scrolls of amnesia {unknown}
 p - 2 scrolls of remove curse
 r - 2 scrolls of identify {unknown}
Potions
 b - 2 potions of curing {unknown}
 f - 2 potions of magic {unknown}
 q - a potion of cancellation {unknown}
Books
 c - a book of Minor Magic

   Spells                             Type                      Level
   a - Magic Dart                     Conjuration                  1
   b - Blink                          Translocation                2
   c - Call Imp                       Summoning                    2
   d - Slow                           Hexes                        2
   e - Conjure Flame                  Conjuration/Fire             3
   f - Mephitic Cloud                 Conjuration/Poison/Air       3
Comestibles
 d - 7 rations


   Skills:
 + Level 4.1 Fighting
 - Level 2.0 Dodging
 - Level 1.4 Stealth
 - Level 1.6 Shields
 + Level 5.2 Spellcasting
 * Level 4.5 Conjurations
   Level 0.8 Summonings
 - Level 0.8 Translocations
 + Level 2.0 Invocations


You had 7 spell levels left.
You knew the following spells:

 Your Spells              Type           Power        Failure   Level  Hunger
a - Magic Dart            Conj           ###.         1%          1    None
b - Blink                 Tloc           N/A          11%         2    None
c - Conjure Flame         Conj/Fire      ###.....     12%         3    ##.....
d - Mephitic Cloud        Conj/Pois/Air  ##......     17%         3    ##.....


Dungeon Overview and Level Annotations

Branches:
Dungeon (5/15)
 Temple: D:4-7

Altars:
Cheibriados
Nemelex Xobeh
Sif Muna


Innate Abilities, Weirdness & Mutations

You are too large for most types of armour.
You have tough skin. (AC +1)


Message History

Casting: Magic Dart
Confirm with . or Enter, or press ? or * to list all spells.
Aiming: Magic Dart
Press: ? - help, Shift-Dir - straight line, f - orc
Aim: an orc, wielding a falchion of holy wrath The magic dart hits the orc.
The orc is moderately wounded.
Something hits you. The orc barely misses you. Something barely misses you.
Something hits you!
* * * LOW HITPOINT WARNING * * *
Something hits you but does no damage. Something hits you!
* * * LOW HITPOINT WARNING * * *
Something hits you!
* * * LOW HITPOINT WARNING * * *
Something hits you but does no damage. Something barely misses you.
Something hits you!
You die...

### #### #.#### #####..##
##...### ###.......#
###...######.........#
###...#<...........#
###.......#.....##
###....####....# ##.@....##
#...## ###........#######
##.o.........##
###.............## .
###............##..###
....#............######.^###
......)........### ##...##
......)......### ##...#
...?........## ##...##


You could see an orc.

Vanquished Creatures
  A black bear (D:4)
  A phantom (D:4)
  2 crimson imps
  A hound (D:4)
  2 orc priests (D:3)
  Crazy Yiuf (D:2)
  A bullfrog skeleton (D:5)
  2 orc wizards
  5 adders
  An ooze (D:2)
  2 worms (D:3)
  3 dart slugs
  3 leopard geckos
  10 orcs
  2 ball pythons
  A giant cockroach (D:1)
  8 goblins
  10 hobgoblins
  11 jackals
  6 bats
  5 frilled lizards
  2 kobolds
  A quokka skeleton (D:4)
  A quokka zombie (D:5)
  5 rats
87 creatures vanquished.

Notes
Turn   | Place    | Note
-------+----------+-------------------------------------------
     0 | D:1      | Ivernyr the Ogre Wizard began the quest for the Orb.
     0 | D:1      | Reached XP level 1. HP: 16/16 MP: 5/5
    88 | D:1      | Reached skill level 1 in Conjurations
   435 | D:1      | Reached XP level 2. HP: 24/24 MP: 3/6
   950 | D:1      | Learned a level 2 spell: Blink
  1207 | D:1      | Reached XP level 3. HP: 32/32 MP: 5/8
  1432 | D:1      | Reached skill level 1 in Fighting
  1480 | D:2      | Learned a level 3 spell: Conjure Flame
  1484 | D:2      | Learned a level 3 spell: Mephitic Cloud
  1512 | D:2      | Reached skill level 4 in Spellcasting
  1584 | D:2      | Found a sparkling altar of Nemelex Xobeh.
  2020 | D:2      | Reached XP level 4. HP: 41/41 MP: 7/10
  2575 | D:2      | Found a runed door.
  2579 | D:2      | Noticed Crazy Yiuf
  2597 | D:2      | Killed Crazy Yiuf
  2928 | D:2      | Reached skill level 1 in Shields
  3109 | D:3      | Reached XP level 5. HP: 45/49 MP: 2/11
  4428 | D:3      | Reached XP level 6. HP: 53/59 MP: 0/12
  4525 | D:3      | Found a deep blue altar of Sif Muna.
  4587 | D:3      | Became a worshipper of Sif Muna the Loreminder
  4857 | D:4      | Found a snail-covered altar of Cheibriados.
  5236 | D:4      | Noticed a black bear
  5241 | D:4      | Killed a black bear
  5241 | D:4      | Reached skill level 5 in Spellcasting
  5241 | D:4      | Reached skill level 1 in Invocations
  5603 | D:5      | Entered Level 5 of the Dungeon
  5936 | D:5      | Reached XP level 7. HP: 67/67 MP: 7/14
  6620 | D:5      | HP: 1/70 [something (10)]
  6623 | D:5      | Mangled by an unseen horror

Skill      XL: |  1  2  3  4  5  6  7 |
---------------+----------------------+-----
Conjurations   | 1 2 3 4 |  4.5
Dodging        | 2 |  2.0
Fighting       | 1 2 3 4 |  4.1
Spellcasting   | 4 5 |  5.2
Shields        | 1 |  1.6
Invocations    | 1 2 |  2.0
Stealth        | |  1.4
Summonings     | |  0.8
Translocations | |  0.8

Action                   |  1- 3 |  4- 6 |  7- 9 || total
-------------------------+-------+-------+-------++-------
Melee: Unarmed           |    99 |    44 |     2 ||   145
 Cast: Magic Dart        |    90 |   174 |    49 ||   313
       Mephitic Cloud    |       |     5 |       ||     5
       Conjure Flame     |       |     1 |       ||     1
       Blink             |       |       |     1 ||     1
  Use: Scroll            |       |     1 |       ||     1
  Eat: Chunk             |     3 |    10 |     1 ||    14
       Ration            |       |     1 |       ||     1
Armor: Robe              |    18 |    24 |    12 ||    54
Dodge: Dodged            |    90 |    89 |    41 ||   220
